AoeStats
← Bukkake

Arabia

510237154Analyzed
1v1 RM · 2d ago on Sep 30, 2026· 48m 0s· 2 players
Game mode
Random Map
Map size
Tiny (2 player)
Population
200
Speed
Normal
Resources
Standard
Victory
Conquest
Starting age
Dark Age
Ending age
Imperial Age
RankedLock teamsTeams togetherTeam positionsShared explorationLock speedFull tech treeHidden civsTurbo modeCheats
Victory
Defeat
🇲🇽 Teutons · Mexico
894
+15
🇦🇺 Italians · Australia
882
-15
Bukkake
7:55 Loom
9:55 Feudal Age
14:56 Castle Age
12:52 Double-Bit Axe
13:29 Fletching
28:58 Man-at-Arms
31:20 Bodkin Arrow
36:16 Padded Archer Armor
38:12 Light Cavalry
AFK Gamer
7:59 Loom
9:50 Feudal Age
12:59 Fletching
18:03 Double-Bit Axe
19:20 Loom
19:22 Town Watch
27:17 Castle Age
25:51 Padded Archer Armor
29:56 Bodkin Arrow
33:00 Leather Archer Armor
33:20 Scale Mail Armor
33:31 Forging
33:39 Pikeman
35:23 Squires
36:19 Chain Mail Armor
36:40 Iron Casting
39:28 Redemption
42:22 Sanctity
43:35 Elite Skirmisher
Connection lost

Rejoining the realm…

Still unreachable

The connection could not be restored.

Session expired

The server has moved on; the page needs a fresh start.